 Dungeon Crawl Stone Soup version 0.18-a0-1197-g8004e50 (webtiles) character file.

16350 4thArraOfDagon the Unseen (level 12, 0/56 HPs)
             Began as a Spriggan Abyssal Knight on Jan 31, 2016.
             Was a High Priest of Lugonu.
             Slain by an orc warrior
             ... wielding a +0 trident
              (20 damage)
             ... on level 2 of the Orcish Mines.
             The game lasted 00:41:10 (6885 turns).

4thArraOfDagon the Unseen (Spriggan Abyssal Knight) Turns: 6885, Time: 00:41:11

Health: 0/56       AC:  8    Str: 15    XL:     12   Next: 9%
Magic:  23/27      EV: 30    Int: 13    God:    Lugonu [*****.]
Gold:   233        SH:  0    Dex: 21    Spells: 2 memorised, 7 levels left

rFire  . . .     SeeInvis +     Z - +5 falchion of the Hundredfold Mice {slice, MP+9 Str+4}
rCold  + . .     Gourm    .     L - +2 robe {rC+}
rNeg   + . .     Faith    .     (shield restricted)
rPois  .         Spirit   .     g - +2 hat
rElec  .         Dismiss  .     z - +1 cloak
rCorr  .         Reflect  .     (gloves unavailable)
SustAt .         Harm     .     (boots unavailable)
MR     ++...                    S - amulet of regeneration
Stlth  ++++++++..               n - +3 ring of strength
                                M - ring of positive energy

@: very quick, very resistant to hostile enchantments, extraordinarily stealthy
A: unfitting armour, see invisible, herbivore 3, speed 3, slow metabolism 2
a: Depart the Abyss, Bend Space, Banish, Corrupt, Enter the Abyss, Renounce
Religion


You were on level 2 of the Orcish Mines.
You worshipped Lugonu.
Lugonu was extremely pleased with you.
You were not hungry.

You visited 3 branches of the dungeon, and saw 25 of its levels.
You visited the Abyss 1 time.
You also visited: Sewer and Ice Cave.

You collected 1145 gold pieces.
You spent 908 gold pieces at shops.

Inventory:

Hand Weapons
 l - a +0 dagger of speed
 x - a +2 short sword of protection
 F - a +2 long sword of flaming
 Y - a +0 scimitar of slicing
 Z - the +5 falchion of the Hundredfold Mice (weapon) {slice, MP+9 Str+4}
   (You bought it in a shop on level 5 of the Dungeon)

   It inflicts extra damage upon your enemies.
   It affects your strength (+4).
   It affects your magic capacity (+9).
Missiles
 D - 3 curare-tipped needles
Armour
 g - a +2 hat (worn)
 z - a +1 cloak (worn)
 L - a +2 robe of cold resistance (worn)
 Q - a +2 troll leather armour
Jewellery
 f - an uncursed ring of resist corrosion
 n - a +3 ring of strength (right hand)
 M - a ring of positive energy (left hand)
 S - an amulet of regeneration (around neck)
Wands
 e - a wand of hasting (4/9)
 k - a wand of paralysis (3/24)
 r - a wand of draining (6/15)
 s - a wand of flame (1/48)
 u - a wand of slowing (33/48)
 A - a wand of disintegration (17/24)
 C - a wand of fireball (8/15)
 J - a wand of flame (30/48)
 N - a wand of teleportation (4/9)
 T - a wand of lightning (10/15)
Scrolls
 a - 2 scrolls of identify
 h - a scroll of immolation
 o - a scroll of recharging
 p - 3 scrolls of fog
 y - a scroll of teleportation
 H - 6 scrolls of remove curse
 I - 3 scrolls of torment
 K - 4 scrolls of amnesia
 P - 4 scrolls of magic mapping
 U - 3 scrolls of enchant weapon
 X - a scroll of noise
Potions
 i - 3 potions of heal wounds
 j - 2 potions of brilliance
 m - 5 potions of curing
 v - a potion of cure mutation
 w - 3 potions of flight
 E - 2 potions of cancellation
 O - a potion of ambrosia
 R - a potion of magic
 V - a potion of agility
Books
 q - a book of the Sky

   Spells                             Type                      Level
   a - Summon Lightning Spire         Summoning/Air                4
   b - Airstrike                      Air                          4
   c - Silence                        Hexes/Air                    5
   d - Deflect Missiles               Charms/Air                   6
   e - Conjure Ball Lightning         Conjuration/Air              6
   f - Tornado                        Air                          9
 G - a Necronomicon

   Spells                             Type                      Level
   a - Haunt                          Necromancy/Summoning         7
   b - Borgnjor's Revivification      Necromancy                   8
   c - Death's Door                   Charms/Necromancy            8
   d - Necromutation                  Transmutation/Necromancy     8
Miscellaneous
 d - a stone of tremors
 B - a plain deck of changes {drawn: 3}
 W - a box of beasts
Comestibles
 c - 5 bread rations


   Skills:
 + Level 3.0 Fighting
 * Level 12.0 Short Blades
 + Level 11.2 Dodging
 * Level 17.2 Stealth
 + Level 7.7 Invocations
 + Level 4.6 Evocations


You had 7 spell levels left.
You knew the following spells:

 Your Spells              Type           Power        Failure   Level  Hunger
a - Repel Missiles        Chrm/Air       #.....       47%         2    ###....
b - Swiftness             Chrm/Air       #.......     47%         2    ###....


Dungeon Overview and Level Annotations

Branches:
Dungeon (15/15)            Temple (0/1) D:7            Lair (8/8) D:9
 Spider (0/4) Lair:5          Orc (2/2) D:12
  Swamp: Lair:3-6    Shoals: Lair:3-6     Slime: Lair:6-8       Elf: Orc:2
 Vaults: D:13-14     Depths: D:15

Altars:
Cheibriados
Dithmenos
Fedhas
Gozag
Nemelex Xobeh
Qazlal
Trog
Vehumet
Xom
Beogh

Shops:
D:4 %=   D:5 (   D:12 *[   D:15 *   Orc:1 ?%([   Orc:2 (

Portals:
Trove: D:10 (show slimy rune of Zot)


Innate Abilities, Weirdness & Mutations

You are tiny and cannot use many weapons and most armour.
You have supernaturally acute eyesight.
You are a herbivore.
You cover ground extremely quickly.
You need consume almost no food.


Message History

You barely miss the orc warrior.
The orc warrior is severely wounded.
The orc warrior hits you with a trident!!
The orc shouts!
You completely miss the orc warrior.
The orc warrior is severely wounded.
The orc misses you. The orc warrior completely misses you.
You barely miss the orc warrior.
The orc warrior is severely wounded.
The orc completely misses you. The orc warrior completely misses you.
The orc barely misses you.
You hit the orc warrior but do no damage.
The orc warrior is severely wounded.
The orc barely misses you. The orc warrior barely misses you.
The orc misses you.
You hit the orc warrior.
The orc warrior is severely wounded.
The orc hits you but does no damage.
The orc warrior hits you with a trident!!
You die...

#..#)).#..#.....
...#####.........#
.............. ...
).#.......#.####.#
.#....#..........##
.....##..#####....
.#......##...##..##
..#.....#..8..#ooo#
.###....#.....#.@#
..##....#.).).#.##
........##...##..#
.........###'#..##
.................#
........#.#.......#
...........#......#
.....#.....###...##
...........# ##...#


You could see an orc warrior and 2 orcs.

Vanquished Creatures
  A hydra (Lair:4)
  An unseen horror (D:15)
  2 hill giants
  3 ugly things
  A griffon (Lair:7)
  A centaur zombie (D:12)
  A hornet (D:15)
  A black mamba (Lair:7)
  4 spiny frogs
  2 komodo dragons
  An ice devil (IceCv)
  A fire drake (Lair:5)
  3 trolls
  A jumping spider (shapeshifter) (D:15)
  A vampire (D:10)
  A water elemental (D:12)
  A shadow (D:12)
  2 wyverns
  3 hippogriffs
  3 basilisks
  2 vampire mosquitoes (D:12)
  A porcupine (Lair:2)
  5 water moccasins
  5 orc warriors
  A swamp drake (D:12)
  4 ice beasts
  A sky beast (D:5)
  9 ogres
  2 centaurs
  2 crocodiles
  5 giant frogs
  A wyvern skeleton (D:10)
  6 scorpions
  3 wights (D:7)
  2 crimson imps
  A quasit (D:15)
  2 giant frog zombies
  2 hounds
  3 jellies
  8 orc priests
  14 orc wizards
  2 centaur skeletons
  6 iguanas
  2 giant frog skeletons
  6 worker ants
  A killer bee zombie (D:8)
  The ghost of 4thArraOfDagon the Ducker, a weakling FeAK of Lugonu (D:7)
  2 worker ant zombies
  4 adders
  5 river rats
  3 shadow imps
  An ufetubus (Lair:3)
  An ooze (D:1)
  3 adder skeletons
  2 giant geckos
  50 orcs
  4 giant cockroaches
  3 goblins (D:1)
  3 hobgoblins
  3 jackals
  2 kobolds (D:1)
  3 quokkas
  3 ball pythons
  A bat (D:2)
  A giant gecko skeleton (D:4)
  A giant newt (D:5)
  3 rats
  A fungus (D:9)
  2 plants (Lair:8)
232 creatures vanquished.

Vanquished Creatures (collateral kills)
  A giant gecko (D:1)
1 creature vanquished.

Vanquished Creatures (others)
  An ettin (Orc:2)
  2 hill giants
  A manticore (D:12)
  A black mamba (Lair:8)
  A spiny frog (Lair:8)
  A gargoyle (D:10)
  An orc warrior (D:10)
  14 fungi
  11 plants (Lair:8)
33 creatures vanquished.

Grand Total: 266 creatures vanquished

Notes
Turn   | Place    | Note
--------------------------------------------------------------
     0 | Abyss:1  | 4thArraOfDagon the Spriggan Abyssal Knight began the quest for the Orb.
     0 | Abyss:1  | Reached XP level 1. HP: 11/11 MP: 3/3
    35 | Abyss:2  | Noticed a raiju
    37 | Abyss:2  | Noticed a raiju
    78 | Abyss:2  | Noticed a worldbinder
    79 | Abyss:2  | Noticed a worldbinder
    84 | Abyss:2  | Noticed a tentacled starspawn
    84 | Abyss:2  | Noticed a wretched star
    85 | D:1      | Escaped the Abyss
   119 | D:1      | Reached skill level 1 in Stealth
   149 | D:1      | Reached XP level 2. HP: 16/16 MP: 4/4
   215 | D:1      | Reached * piety under Lugonu
   449 | D:3      | Reached XP level 3. HP: 10/19 MP: 5/5
   593 | D:5      | Entered Level 5 of the Dungeon
   605 | D:5      | Noticed a sky beast
   607 | D:5      | Killed a sky beast
   607 | D:5      | Reached skill level 6 in Stealth
   607 | D:5      | Reached XP level 4. HP: 14/23 MP: 6/6
   617 | D:5      | Noticed an ice beast
   622 | D:5      | Found Fidi's Antique Weapon Shoppe.
   624 | D:5      | Reached skill level 7 in Stealth
   624 | D:5      | Reached XP level 5. HP: 17/27 MP: 7/7
   627 | D:5      | Killed an ice beast
   627 | D:5      | Reached skill level 8 in Stealth
   639 | D:5      | Bought a runed dagger for 58 gold pieces
   659 | D:5      | Reached XP level 6. HP: 17/32 MP: 8/8
   708 | D:4      | Found Zugh's Food Boutique.
   798 | D:5      | Reached skill level 9 in Stealth
   852 | D:4      | Found Buhin's Jewellery Emporium.
  1111 | D:6      | Found a glowing drain.
  1120 | D:6      | Noticed an orc warrior
  1124 | Sewer    | Entered a sewer
  1216 | D:6      | Reached ** piety under Lugonu
  1403 | D:6      | Reached XP level 7. HP: 30/35 MP: 9/9
  1500 | D:7      | Reached skill level 10 in Stealth
  1681 | D:8      | Found a stormy altar of Qazlal.
  1683 | D:8      | Reached skill level 5 in Short Blades
  1721 | D:9      | Found a staircase to the Lair.
  1750 | Lair:1   | Entered Level 1 of the Lair of Beasts
  1750 | Lair:1   | Noticed a spiny frog
  1751 | Lair:1   | Killed a spiny frog
  1751 | Lair:1   | Reached skill level 5 in Dodging
  1751 | Lair:1   | Reached skill level 11 in Stealth
  1751 | Lair:1   | Reached XP level 8. HP: 34/39 MP: 11/11
  1764 | Lair:1   | Noticed a komodo dragon
  1772 | Lair:1   | Killed a komodo dragon
  1793 | Lair:1   | Noticed a spiny frog
  1842 | Lair:2   | Noticed a blink frog
  1843 | Lair:2   | Noticed a blink frog
  1843 | Lair:2   | Noticed a blink frog
  1843 | Lair:2   | Noticed a blink frog
  1843 | Lair:2   | Noticed a blink frog
  1895 | Lair:3   | Found a frozen archway.
  1909 | IceCv    | Entered an ice cave
  1934 | IceCv    | Noticed an ice devil
  1934 | IceCv    | Killed an ice devil
  1937 | IceCv    | Noticed an ice devil
  1939 | IceCv    | Noticed an ice devil
  1951 | IceCv    | Noticed an ice statue
  1951 | IceCv    | Noticed an ice statue
  1999 | Lair:3   | Reached skill level 12 in Stealth
  2047 | Lair:4   | Noticed a four-headed hydra
  2054 | Lair:4   | Killed a four-headed hydra
  2054 | Lair:4   | Reached XP level 9. HP: 39/43 MP: 13/13
  2093 | Lair:4   | You fall through a shaft!
  2093 | Lair:5   | Noticed a fire drake
  2097 | Lair:5   | Killed a fire drake
  2097 | Lair:5   | Reached skill level 13 in Stealth
  2100 | Lair:5   | Noticed a black mamba
  2220 | Lair:5   | Noticed a jumping spider
  2238 | Lair:5   | Found a hole to the Spider Nest.
  2248 | Lair:5   | Noticed a komodo dragon
  2357 | Lair:6   | Noticed a death yak
  2357 | Lair:6   | Noticed a death yak
  2358 | Lair:6   | Noticed a death yak
  2358 | Lair:6   | Noticed a death yak
  2360 | Lair:6   | Noticed a death yak
  2360 | Lair:6   | Noticed a death yak
  2389 | Lair:7   | Noticed a death yak
  2393 | Lair:7   | Noticed a death yak
  2393 | Lair:7   | Noticed a death yak
  2393 | Lair:7   | Noticed a death yak
  2406 | Lair:7   | Noticed a spiny frog
  2415 | Lair:7   | Reached skill level 5 in Invocations
  2431 | Lair:7   | Noticed a black mamba
  2443 | Lair:7   | Killed a black mamba
  2443 | Lair:7   | Reached *** piety under Lugonu
  2481 | Lair:8   | Entered Level 8 of the Lair of Beasts
  2481 | Lair:8   | Noticed a black mamba
  2481 | Lair:8   | Noticed a spiny frog
  2483 | Lair:8   | Noticed a spiny frog
  2521 | Lair:8   | Gained mutation: You are occasionally teleported next to monsters. [helix card]
  2531 | Lair:8   | Banished a black mamba
  2539 | Lair:8   | Banished a spiny frog
  2559 | Lair:8   | Reached skill level 14 in Stealth
  2559 | Lair:8   | Reached XP level 10. HP: 13/47 MP: 7/15
  2594 | Lair:8   | Killed a spiny frog
  2812 | Lair:8   | Noticed an anaconda
  2818 | Lair:8   | Lost mutation: You are occasionally teleported next to monsters. [potion of cure mutation]
  2869 | Lair:8   | :(
  2879 | Lair:8   | Noticed an elephant
  2879 | Lair:8   | Noticed an elephant
  2879 | Lair:8   | Noticed an elephant
  2879 | Lair:8   | Noticed an elephant
  2891 | Lair:8   | Noticed a seven-headed hydra
  2897 | Lair:8   | Got a dull robe
  2938 | Lair:8   | Noticed a black mamba
  2970 | Lair:7   | Noticed a griffon
  2978 | Lair:7   | Killed a griffon
  2986 | Lair:7   | Noticed a death yak
  2988 | Lair:7   | Killed a spiny frog
  3052 | Lair:6   | Identified the +1 robe of the Original Sin {rN++ Str-4 Int-4 Stlth+} (You found it on level 8 of the Lair of Beasts)
  3188 | Lair:3   | Noticed a spiny frog
  3194 | Lair:3   | Killed a spiny frog
  3300 | Lair:2   | Reached skill level 15 in Stealth
  3311 | Lair:1   | Reached skill level 10 in Short Blades
  3360 | Lair:1   | Noticed a spiny frog
  3474 | D:9      | Found a sparkling altar of Nemelex Xobeh.
  3476 | D:9      | Found a blossoming altar of Fedhas.
  3479 | D:9      | Found a bloodstained altar of Trog.
  3532 | D:10     | Entered Level 10 of the Dungeon
  3664 | D:10     | Noticed a hill giant
  3671 | D:10     | Killed a hill giant
  3781 | D:10     | Noticed a white ugly thing
  3788 | D:10     | Killed a white ugly thing
  3793 | D:10     | Noticed a gargoyle
  3797 | D:10     | Banished a gargoyle
  3821 | D:10     | Found a portal to a secret trove of treasure.
  3994 | D:12     | Found Bomulot's Antique Armour Boutique.
  4086 | D:11     | Noticed a brown ugly thing
  4093 | D:11     | Killed a brown ugly thing
  4093 | D:11     | Reached XP level 11. HP: 49/51 MP: 15/17
  4157 | D:12     | Reached skill level 10 in Dodging
  4415 | D:15     | Entered Level 15 of the Dungeon
  4423 | D:15     | Noticed a hill giant
  4428 | D:15     | Reached **** piety under Lugonu
  4428 | D:15     | Banished a hill giant
  4428 | D:15     | Reached skill level 1 in Evocations
  4452 | D:15     | Noticed an unseen horror
  4466 | D:15     | Killed an unseen horror
  4466 | D:15     | Reached skill level 16 in Stealth
  4475 | D:15     | Learned a level 2 spell: Repel Missiles
  4478 | D:15     | Learned a level 2 spell: Swiftness
  4501 | D:15     | Found Raahoor's Assorted Antiques.
  4560 | D:15     | Noticed a white ugly thing
  4561 | D:15     | Noticed a red ugly thing
  4561 | D:15     | Noticed a red ugly thing
  4564 | D:15     | Noticed a white ugly thing
  4564 | D:15     | Noticed a white ugly thing
  4572 | D:15     | Bought a dull robe for 228 gold pieces
  4594 | D:15     | Identified the +1 robe "Wivaymox" {+Fly rC- Str+5} (You bought it in a shop on level 15 of the Dungeon)
  4644 | D:14     | Noticed a hill giant
  4646 | D:14     | Noticed a cyan ugly thing
  4646 | D:14     | Noticed a cyan ugly thing
  4646 | D:14     | Noticed a cyan ugly thing
  4652 | D:14     | Banished a hill giant
  4722 | D:13     | Noticed a phantasmal warrior
  4725 | D:13     | Noticed a skeletal warrior
  4793 | D:11     | Noticed a red ugly thing
  4800 | D:11     | Killed a red ugly thing
  5190 | D:7      | Found a staircase to the Ecumenical Temple.
  5365 | D:5      | Bought a steaming falchion for 232 gold pieces
  5366 | D:5      | Identified the +5 falchion of the Hundredfold Mice {slice, MP+9 Str+4} (You bought it in a shop on level 5 of the Dungeon)
  5388 | D:6      | Found a snail-covered altar of Cheibriados.
  5391 | D:6      | Found a shadowy altar of Dithmenos.
  5424 | D:6      | Found a shimmering altar of Xom.
  5426 | D:6      | Found an opulent altar of Gozag.
  5525 | D:7      | Noticed 4thArraOfDagon's ghost (weakling FeAK)
  5534 | D:7      | Killed 4thArraOfDagon's ghost
  6079 | D:12     | Found Pusiz's Assorted Antiques.
  6093 | D:12     | Noticed a hill giant
  6105 | D:12     | Killed a hill giant
  6114 | D:12     | Bought a scroll of identify for 52 gold pieces
  6114 | D:12     | Bought a scroll labeled XUEGUEBUDI for 26 gold pieces
  6272 | D:12     | Reached ***** piety under Lugonu
  6272 | D:12     | Reached skill level 17 in Stealth
  6402 | D:12     | Found a staircase to the Orcish Mines.
  6486 | Orc:1    | Entered Level 1 of the Orcish Mines
  6486 | Orc:1    | Found Suapsex's Weapon Shoppe.
  6530 | Orc:1    | Found Cupoas's Magic Scroll Shop.
  6567 | Orc:1    | Found a radiant altar of Vehumet.
  6571 | Orc:1    | Found Coenlim's Antique Armour Shoppe.
  6581 | Orc:1    | Bought a glowing cloak for 117 gold pieces
  6615 | Orc:1    | Found Ziluem's Food Shop.
  6652 | Orc:1    | Bought a scroll of enchant weapon for 127 gold pieces
  6652 | Orc:1    | Bought a scroll of identify for 34 gold pieces
  6652 | Orc:1    | Bought a scroll of identify for 34 gold pieces
  6681 | Orc:1    | Reached XP level 12. HP: 45/56 MP: 18/18
  6697 | Orc:2    | Entered Level 2 of the Orcish Mines
  6739 | Orc:2    | Found Olala's Weapon Boutique.
  6780 | Orc:2    | Noticed an ettin
  6793 | Orc:2    | Banished an ettin
  6807 | Orc:2    | Found a roughly hewn altar of Beogh.
  6844 | Orc:2    | Found a roughly hewn altar of Beogh.
  6885 | Orc:2    | Slain by an orc warrior

Vault maps used:
D:1:      lightli_arrival_maybe_door_vault, serial_bayou_crossing
D:2:      minmay_crystal_water
D:3:      wad_pebble_path, first_bread, minmay_parallelograms
D:4:      serial_shops, shop, nicolae_shop_stone, shop,
          kennysheep_generic_room_14
D:5:      serial_shops, nicolae_shop_statue_plus, basic_altar
D:6:      nicolae_overflow_hidden_temple, portal_sewer_entry_a, tgw_fedhas
D:7:      lemuel_round_altar, minmay_temple_entry_statues_fountains,
          solitary_fountain, grunt_decor_fettered
D:8:      basic_altar
D:9:      grunt_temple_overflow_diamond, dpeg_oklobed_lair, grunt_ogre_cave
D:10:     nicolae_trove_entry_columns, tgw_sif
D:12:     erik_orc_1, serial_shops, kennysheep_mini, shop, fungi_pond_lemuel
D:13:     statuecave_lemuel, minmay_misc_feat_pillars, kb_xom_exploding_sheep
D:14:     erik_vaults_1, hangedman_decor_clover_reticule, special_room
D:15:     grunt_enter_depths_magical_seal, minmay_misc_feat_columns,
          serial_shops, shop
Lair:2:   serial_bayou_shore_a
Lair:3:   portal_ice_cave_entry_pillars_02, basic_altar, special_room,
          uniq_gastronok
Lair:4:   elwin_shoals_entry_rooms
Lair:5:   wad_woods_tower, spider_nest_entry_rubble, enter_volcano_3,
          infiniplex_staircase_pool_2
Lair:6:   grunt_megastairs_3
Lair:7:   grunt_megastairs_1
Lair:8:   due_jungle_book, minmay_slime_entry_pillars, grunt_megastairs_2,
          lemuel_fruit_tree, serial_bayou_shore_b, infiniplex_staircase_pool
Orc:1:    serial_shops, nicolae_shop_crystal, shop, nicolae_shop_waterfront,
          shop, basic_altar
Orc:2:    grunt_orc_community_town_hall, grunt_orc_community_big_house_1,
          grunt_orc_community_big_house_1, grunt_orc_community_house_1,
          grunt_orc_community_house_2, grunt_orc_community_house_1,
          grunt_orc_community_house_3, grunt_orc_community_house_1,
          grunt_orc_community_house_3, basic_altar, serial_shops,
          shop_fountains, nicolae_shop_trees
Sewer:    sewer_minmay_w
IceCv:    ice_cave_small_demon

Action                   |  1- 3 |  4- 6 |  7- 9 | 10-12 || total
-------------------------+-------+-------+-------+-------++-------
Melee: Short sword       |    76 |    61 |   155 |   358 ||   650
       Dagger            |       |    38 |       |       ||    38
       Falchion          |       |       |       |   309 ||   309
       Long sword        |       |       |       |    14 ||    14
Invok: Depart the Abyss  |     1 |       |       |       ||     1
       Banish            |       |       |     2 |     7 ||     9
Evoke: Wand              |       |     8 |     5 |     9 ||    22
       Deck              |       |       |     3 |       ||     3
  Use: Scroll            |     5 |     2 |    11 |    19 ||    37
       Potion            |       |     2 |     5 |     3 ||    10
 Stab: Sleeping          |     5 |    12 |    18 |    63 ||    98
       Distracted        |       |       |       |     4 ||     4
       Paralysed         |       |       |       |     2 ||     2
  Eat: Royal jelly       |       |       |       |     3 ||     3
       Pizza             |       |       |       |     2 ||     2
